Map: 乌雷纳

Players

shengy - Winner!

  • Race: Zerg Zerg
  • League: Platinum

Melnon

  • Race: Zerg Zerg
  • League: Platinum

VOD

Have the link to the VOD?

Description

Time

  • Played on: Dec. 25, 2015, 2:48 p.m.
  • Length: 6:57
Show
View Real Time Build Order
Export as new Build Order

shengy Zerg - Winner!

Build Orders: Pool First 

Get SALT Encoding   

  12  0:05  Drone  
  13  0:09  Drone  
  14  0:23  Overlord  
  14  0:41  Drone x3  
  17  0:46  Spawning Pool  
  16  0:53  Drone  
  17  1:07  Drone  
  18  1:15  Hatchery  
  17  1:19  Drone  
  18  1:32  Overlord  
  18  1:38  Spine Crawler, Zergling x2  
  18  1:47  Queen  
  18  1:52  Zergling x2  
  21  1:56  Zergling x2  
  22  2:09  Zergling x2  
  22  2:24  Zergling x2  
  22  2:33  Zergling x2  
  22  2:36  Zergling x2  
  24  2:42  Zergling x4  
  26  2:46  Extractor  
  26  2:51  Roach Warren, Zergling x4  
  23  3:06  Zergling x8  
  23  3:10  Queen  
  29  3:17  Drone  
  29  3:41  Baneling Nest  
  29  3:46  Spine Crawler  
  29  3:47  Spine Crawler  
  26  4:00  Zergling x14  
  26  4:01  Zergling x2  
  33  4:17  Drone x2  
  33  4:18  Drone  
  36  4:27  Metabolic Boost  
  36  4:40  Overlord  
  36  4:48  Overlord  
  34  5:14  Baneling x3  
  34  5:15  Baneling x3  
  34  5:22  Extractor, Drone x5  
  38  5:33  Drone x2  
  37  6:03  Roach x4  
  37  6:04  Roach x2  
  45  6:19  Zergling x4  
  45  6:20  Zergling x10  
  52  6:26  Baneling x2  
Show
View Real Time Build Order
Export as new Build Order

Melnon Zerg 

Build Orders: Pool First 

Get SALT Encoding   

  12  0:01  Drone  
  13  0:16  Extractor  
  12  0:26  Spawning Pool  
  11  0:30  Drone  
  12  0:38  Drone  
  13  0:45  Overlord  
  13  0:53  Drone  
  14  1:15  Zergling x6  
  17  1:19  Metabolic Boost  
  17  1:31  Queen  
  19  1:48  Drone  
  19  1:49  Zergling x2  
  19  1:50  Baneling Nest  
  20  1:58  Overlord  
  20  2:14  Zergling x2  
  22  2:15  Zergling x2  
  22  2:24  Zergling x2  
  23  2:34  Zergling x2  
  24  2:45  Drone  
  24  3:01  Zergling x2  
  24  3:02  Drone, Zergling x2  
  24  3:04  Hatchery  
  20  3:13  Zergling x2  
  21  3:21  Baneling x2  
  21  3:39  Drone, Zergling x4  
  24  3:43  Zergling x2  
  21  4:20  Zergling x8  
  21  4:22  Baneling x2  
  25  4:27  Queen  
  25  4:31  Zergling x2  
  28  4:32  Drone  
  28  4:37  Roach Warren  
  28  4:38  Drone  
  29  4:46  Roach Warren  
  25  5:06  Drone x4  
  25  5:07  Drone x3  
  31  5:24  Extractor  
  31  5:25  Roach x2  
  31  5:26  Overlord  
  31  5:27  Overlord  
  35  5:36  Overlord  
  35  5:40  Baneling x2  
  35  5:41  Baneling  
  35  5:45  Roach  
  34  5:50  Spine Crawler  
  30  5:59  Roach  
  30  6:00  Roach x2  
  34  6:12  Zergling x8  
  28  6:19  Zergling x4  
  26  6:26  Zergling x2  
  26  6:27  Zergling x2  
Tags
 
Add a new tag
Caveats
  • Supply blocks, unpowered buildings, or Contaminate may cause inaccurate times.
  • Supply counts are checked every 10 seconds.